Map: Rifts to Korhal

Players

ViS

  • Race: Zerg Zerg

Yuriprime

  • Race: Zerg Zerg
  • Spawn Location: 7:00

VOD

Have the link to the VOD?

Description

Time

  • Played on: March 3, 2018, 12:22 a.m.
  • Length: 9:03
Show
View Real Time Build Order
Export as new Build Order

ViS Zerg 

Build Orders:  

Get SALT Encoding   

  18  0:17  Primal Drone x2  
  20  0:23  Extractor  
  20  0:47  Primal Warden  
  21  0:53  Primal Drone  
  21  0:58  Primal Drone  
  23  1:04  Primal Drone  
  24  1:12  Primal Drone  
  25  1:30  Primal Drone  
  25  1:31  Primal Drone  
  27  1:40  Primal Drone  
  28  2:00  Primal Drone  
  28  2:07  Glevig's Den  
  28  2:09  Primal Drone  
  29  2:25  Primal Drone  
  30  2:47  Primal Drone  
  31  3:06  Primal Drone  
  32  3:34  Primal Drone x2  
  36  3:42  Primal Wurm  
  37  3:58  Primal Wurm  
  37  4:00  Primal Wurm  
  37  4:04  Primal Drone  
  37  4:05  Primal Drone  
  37  4:09  Murvar's Den  
  38  4:22  Primal Drone  
  39  5:03  Primal Drone  
  39  5:04  Primal Drone  
  43  5:13  Primal Wurm  
  43  5:19  Primal Wurm  
  43  5:44  Primal Drone  
  43  5:45  Primal Drone x2  
  47  6:00  Primal Wurm  
  47  6:47  Primal Wurm  
  47  6:49  Primal Wurm  
  50  6:50  Primal Wurm  
  50  7:23  Primal Drone  
  50  7:24  Primal Drone x4  
  55  7:47  Primal Wurm  
  55  7:48  Primal Wurm  
  59  8:33  Primal Wurm  
  59  8:34  Primal Wurm  
Show
View Real Time Build Order
Export as new Build Order

Yuriprime Zerg 

Build Orders:  

Get SALT Encoding   

  12  0:03  Drone  
  13  0:18  Overlord  
  13  0:26  Drone  
  14  0:43  Drone x3  
  17  1:01  Roach Warren  
  17  1:05  Drone  
  17  1:09  Drone  
  18  1:26  Roach  
  18  1:28  Roach  
  22  2:00  Spine Crawler  
  22  2:02  Spine Crawler  
  22  2:03  Spine Crawler  
  19  2:10  Roach  
  19  2:23  Roach  
  19  2:25  Drone  
  19  2:29  Overlord, Extractor  
  21  2:32  Brutalisk  
  21  2:44  Roach  
  21  2:47  Drone x2, Extractor  
  22  3:06  Brutalisk  
  22  3:18  Overlord  
  22  3:19  Drone  
  23  3:20  Drone x4  
  27  3:48  Roach  
  27  3:57  Lair  
  27  3:59  Overlord  
  27  4:01  Drone  
  28  4:10  Brutalisk  
  28  4:48  Spire  
  28  4:49  Overlord  
  27  4:50  Drone  
  27  4:51  Drone x3  
  31  5:18  Mutalisk  
  33  5:20  Overlord  
  33  5:42  Mutalisk  
  35  6:04  Mutalisk  
  37  6:16  Overlord  
  37  6:32  Mutalisk  
  39  7:00  Mutalisk x2  
  39  7:28  Leviathan x2  
  39  7:41  Mutalisk  
  39  8:09  Leviathan  
Tags
 
Add a new tag
Caveats
  • Supply blocks, unpowered buildings, or Contaminate may cause inaccurate times.
  • Supply counts are checked every 10 seconds.